 Dungeon Crawl Stone Soup version 0.24-a0-368-g0e0cebd0f3 (webtiles) character file.

Game seed: 14099382570669267324

32 D1HalberdGnoll the Poker (level 3, 0/31 HPs)
             Began as a Hill Orc Skald on May 29, 2019.
             Slain by an adder (2 damage)
             ... on level 2 of the Dungeon.
             The game lasted 00:01:55 (1231 turns).

D1HalberdGnoll the Poker (Hill Orc Skald)           Turns: 1231, Time: 00:01:56

Health: 0/31       AC:  6    Str: 14    XL:     3   Next: 27%
Magic:  5/5        EV:  9    Int: 13    God:
Gold:   74         SH:  0    Dex: 10    Spells: 4/5 levels left

rFire    + . .     SeeInvis +   j - -3 spear (curse)
rCold    + . .     Gourm    .   (no shield)
rNeg     . . .     Faith    .   f - +0 scale mail
rPois    +         Spirit   .   (no helmet)
rElec    +         Reflect  .   (no cloak)
rCorr    +         Harm     .   (no gloves)
MR       .....                  (no boots)
Stlth    ..........             b - amulet of the acrobat
HPRegen  0.10/turn              i - ring of see invisible
MPRegen  0.09/turn              (no ring)

@: lethally poisoned (0 -> -6), resistant, hasted, drained, very quick
A: no striking features
a: no special abilities


You were on level 2 of the Dungeon.
You were hungry.

You visited 1 branch of the dungeon, and saw 2 of its levels.

You collected 74 gold pieces.

Inventory:

Hand Weapons
 a - a +0 spear
 j - a cursed -3 spear (weapon)
Armour
 f - a +0 scale mail (worn)
Jewellery
 b - an amulet of the acrobat (around neck)
 i - a ring of see invisible (left hand)
Scrolls
 e - a scroll of identify
 h - a scroll of amnesia
Comestibles
 d - 3 rations


   Skills:
 + Level 3.0(2.0) Fighting
 * Level 3.2(2.2) Polearms
 + Level 1.8(0.8) Armour
 - Level 1.5(0.5) Dodging
 - Level 1.5(0.5) Spellcasting
 - Level 2.6(1.6) Charms


You had 4 spell levels left.
You knew the following spells:

 Your Spells              Type           Power        Failure   Level  Hunger
a - Infusion              Chrm           #...         54%         1    ##.....

Your spell library contained the following spells:

 Spells                   Type           Power        Failure   Level  Hunger
 Song of Slaying          Chrm           #.......     69%         2    ###....
 Shroud of Golubria       Chrm/Tloc      #.........   80%         2    ###....
 Regeneration             Chrm/Necr      #.........   95%         3    ####...
 Spectral Weapon          Hex/Chrm       #.......     95%         3    ####...


Dungeon Overview and Level Annotations

Branches:
Dungeon (2/15)

Altars:


Message History

You feel sick. The adder closely misses you.
You barely miss the adder.
The adder is heavily wounded.
The adder bites you.
* * * LOW HITPOINT WARNING * * *
It was a potion of magic.
Magic courses through your body.
* * * LOW HITPOINT WARNING * * *
You feel sick.
You miss the adder.
The adder is heavily wounded.
The adder bites you.
* * * LOW HITPOINT WARNING * * *
You miss the adder.
The adder is heavily wounded.
* * * LOW HITPOINT WARNING * * *
You feel sick. The adder closely misses you.
You hit the adder but do no damage.
The adder is heavily wounded.
The adder bites you.
You die... ♣.
P.♣ ♣PP

.. ..♣ .♣ .P♣ ♣r .♣
PP .♣♣ ... .♣P.♣
..P. ♣..♣♣ ♣...♣S♣P♣
♣.P@♣ ♣.♣.♣ ♣♣♣.♣♣♣♣
♣♣♣.♣.♣ ♣ ♣P.♣♣P♣♣
♣. ♣§§♣.....#
#.####.######
##.#.## #.........#
#...#
#..###.##.########.#
##########


You could see an adder.

Vanquished Creatures
  An ooze (D:1)
  A dart slug (D:1)
  2 leopard geckos (D:1)
  2 goblins (D:1)
  4 hobgoblins (D:1)
  3 kobolds (D:1)
  A quokka (D:2)
  A ball python (D:1)
  4 bats (D:1)
  2 frilled lizards (D:2)
  4 rats
  A plant (D:2)
26 creatures vanquished.

Notes
Turn   | Place    | Note
-------+----------+-------------------------------------------
     0 | D:1      | D1HalberdGnoll the Hill Orc Skald began the quest for the
                  | Orb.
     0 | D:1      | Reached XP level 1. HP: 18/18 MP: 3/3
    16 | D:1      | Reached XP level 2. HP: 12/25 MP: 4/4
   404 | D:1      | Reached XP level 3. HP: 26/30 MP: 5/5
  1231 | D:2      | Slain by an adder

Levels and vault maps discovered:
D:1:      lightli_iron_boxes, layout_basic, serial_glass, glass_columns_a,
          glass_columns_c
D:2:      wad_woods_stonehenge, layout_loops_corners, lemuel_doored_altar,
          small_statue_intersection, kennysheep_pointless_box,
          minmay_misc_feat_enclosed, uniq_jessica, uniq_sigmund

Skill      XL: |  1  2  3 |
---------------+----------+-----
Polearms       | 3 |  3.2
Fighting       | 3 |  3.0
Armour         | |  1.8
Dodging        | |  1.5
Spellcasting   | |  1.5
Charms         | |  2.6

Action                   || total
-------------------------++-------
Melee: Spear             ||   294
  Use: Scroll            ||     4
       Potion            ||     3
  Eat: Chunk             ||     1
Armor: Scale mail        ||    53
       Leather armour    ||     2
Dodge: Dodged            ||    66

Table legend:
 A = Non-vault XP
 B = Vault XP
 C = Vault XP percentage of total XP
 D = Non-vault monster count
 E = Vault monster count
 F = Vault count percentage of total count
                 A         B        C        D         E       F
            +---------+---------+-------+---------+---------+-------
      Total |      47 |       0 |   0.0 |      25 |       0 |   0.0
            +---------+---------+-------+---------+---------+-------
        D:1 |      41 |       0 |   0.0 |      20 |       0 |   0.0
        D:2 |       6 |       0 |   0.0 |       5 |       0 |   0.0
            +---------+---------+-------+---------+---------+-------
